 Seeded DCSS version 0.30.0-10-gfe55d96785 (webtiles) character file.

Game seed: 16807595765908718764 (custom seed)

51 RascalDebosk the Magician (level 4, -4/31 HPs)
             Began as a Djinni Conjurer on May 13, 2023.
             Killed by nerve-wracking pain
             ... invoked by an orc priest
              (5 damage)
             ... on level 3 of the Dungeon.
             The game lasted 00:08:35 (1533 turns).

RascalDebosk the Magician (Djinni Conjurer)         Turns: 1533, Time: 00:08:36

Health: -4/31      AC:  3    Str:  6    XL:     4   Next: 7%
Gold:   235        EV: 12    Int: 21    God:
                   SH:  0    Dex: 12

rFire   + + .        h - +2 short sword (drain)
rCold   x . .        (no shield)
rNeg    . . .        a - +0 robe
rPois   ∞            l - +0 helmet
rElec   .            (no cloak)
rCorr   .            (no gloves)
SInv    .            (boots unavailable)
Will    .....        (no amulet)
Stlth   ++           (no ring)
HPRegen 0.25/turn    (no ring)
MPRegen 0.00/turn

%: infuse magic (-5 HP)
@: flying, very slightly contaminated
A: sickness immunity, fire resistance 2, cold vulnerability 1, float, innate
caster, HP casting, extra vitality 1
a: no special abilities


You were on level 3 of the Dungeon.
You visited 1 branch of the dungeon, and saw 3 of its levels.

You collected 235 gold pieces.

Inventory:

Hand Weapons
 h - a +2 short sword of draining (weapon)
Armour
 a - a +0 robe (worn)
 l - a +0 helmet (worn)
Jewellery
 n - a ring of wizardry
Scrolls
 b - a scroll of noise {unknown}
 c - 2 scrolls of vulnerability {unknown}
 f - 3 scrolls of teleportation {unknown}
 g - 3 scrolls of magic mapping {unknown}
 j - a scroll of poison {unknown}
 k - a scroll of summoning {unknown}
 m - 2 scrolls of identify {unknown}
 q - a scroll of fear {unknown}
Potions
 d - a potion of brilliance {unknown}
 e - a potion of lignification {unknown}
 i - a potion of berserk rage {unknown}
 o - a potion of haste {unknown}
 p - 2 potions of attraction {unknown}
 r - a potion of invisibility {unknown}


   Skills:
 * Level 0.6 Fighting
 + Level 0.2 Short Blades
 + Level 0.2 Armour
 - Level 2.1 Dodging
 - Level 1.5 Stealth
 * Level 4.1 Spellcasting
 + Level 0.2 Evocations


You knew the following spells:

 Your Spells              Type           Power      Damage    Failure   Level
a - Magic Dart            Conj           84%        1d7       2%          1
b - Searing Ray           Conj           42%        2d6       3%          2
c - Dazzling Flash        Conj/Hex       42%        N/A       7%          3
d - Fulminant Prism       Conj/Hex       10%        3d8       22%         4
e - Iskenderun's Mystic   Conj/Tloc      21%        2d6       22%         4
f - Slow                  Hex            84%        N/A       2%          1
Your spell library was empty.

Dungeon Overview and Level Annotations

Branches:
Dungeon (3/15)

Altars:
Trog

Shops:
D:2 (


Innate Abilities, Weirdness & Mutations

You are immune to sickness and miasma.
You are immune to poison.
Your flesh is very heat resistant. (rF++)
You are vulnerable to cold. (rC-)
You float through the air rather than walking.
You learn spells naturally, not from books.
Your magical power is your life essence.
You have superior vitality. (+4 MHP)


Message History

Aim: an orc, wielding a +0 flail and quivering boomerangs (78% to hit)
The searing ray hits the orc.
The orc is heavily wounded.
The searing ray hits the orc!
You kill the orc! (Press . to maintain the ray.)
The orc closely misses you.
The searing ray hits the orc.
You kill the orc!
Casting: Searing Ray (safe; 3% risk of failure)
Confirm with . or Enter, or press ? or * to list all spells.
Aiming: Magic Dart (safe; 2% risk of failure)
Press: ? - help, Shift-Dir - straight line, f - orc
Aim: an orc, wielding a +0 war axe and wearing a +0 leather armour (100% to hit)
The magic dart hits the orc.
The orc is lightly wounded.
Casting: Magic Dart (safe; 2% risk of failure)
Confirm with . or Enter, or press ? or * to list all spells.
Aiming: Magic Dart (safe; 2% risk of failure)
Press: ? - help, Shift-Dir - straight line, f/p - orc
Aim: an orc, wielding a +0 war axe and wearing a +0 leather armour (lightly wounded, 100% to hit)
The magic dart hits the orc.
The orc is heavily wounded.
Casting: Magic Dart (safe; 2% risk of failure)
Confirm with . or Enter, or press ? or * to list all spells.
Aiming: Searing Ray (safe; 3% risk of failure)
Press: ? - help, Shift-Dir - straight line, f - orc, p - orc
Aim: an orc, wielding a +0 short sword (78% to hit)
The searing ray hits the orc.
You kill the orc!
The searing ray hits the orc.
The orc is heavily wounded. (Press . to maintain the ray.)
You have reached level 4!
You feel agile.
The searing ray hits the orc!
You kill the orc!
The orc priest calls down the wrath of Beogh upon you.
Beogh smites you!
* * * LOW HITPOINT WARNING * * *
Casting: Searing Ray (safe; 3% risk of failure)
Confirm with . or Enter, or press ? or * to list all spells.
Restarting spell: Searing Ray (safe; 3% risk of failure)
Press: ? - help, Shift-Dir - straight line, f - orc priest
Aim: an orc priest, wielding a +0 hand axe and wearing a +0 leather armour (78% to hit)
The searing ray misses the orc priest. (Press . to maintain the ray.)
* * * LOW HITPOINT WARNING * * *
The orc priest looks satisfied for a moment.
The searing ray hits the orc priest.
The orc priest is moderately wounded.
* * * LOW HITPOINT WARNING * * *
The searing ray hits the orc priest!
The orc priest is severely wounded.
* * * LOW HITPOINT WARNING * * *
The searing ray hits the orc priest but does no damage.
The orc priest is severely wounded.
* * * LOW HITPOINT WARNING * * *
You finish channelling your searing ray.
The orc priest hits you but does no damage.
The orc priest hits you with a +0 hand axe.
* * * LOW HITPOINT WARNING * * *
Casting: Searing Ray (safe; 3% risk of failure)
Confirm with . or Enter, or press ? or * to list all spells.
Aiming: Magic Dart (safe; 2% risk of failure)
Press: ? - help, Shift-Dir - straight line, f/p - orc priest
Aim: an orc priest, wielding a +0 hand axe and wearing a +0 leather armour (severely wounded, 100% to hit)
The magic dart hits the orc priest but does no damage.
The orc priest is severely wounded.
* * * LOW HITPOINT WARNING * * *
The orc priest barely misses you.
Casting: Magic Dart (safe; 2% risk of failure)
Confirm with . or Enter, or press ? or * to list all spells.
Aiming: Magic Dart (safe; 2% risk of failure)
Press: ? - help, Shift-Dir - straight line, f/p - orc priest
Aim: an orc priest, wielding a +0 hand axe and wearing a +0 leather armour (severely wounded, 100% to hit)
You miscast Magic Dart.
You are very lightly contaminated with residual magic.
Nothing appears to happen.
* * * LOW HITPOINT WARNING * * *
The orc priest barely misses you.
Casting: Magic Dart (safe; 2% risk of failure)
Confirm with . or Enter, or press ? or * to list all spells.
Aiming: Magic Dart (safe; 2% risk of failure)
Press: ? - help, Shift-Dir - straight line, f/p - orc priest
Aim: an orc priest, wielding a +0 hand axe and wearing a +0 leather armour (severely wounded, 100% to hit)
The magic dart hits the orc priest.
The orc priest is almost dead.
* * * LOW HITPOINT WARNING * * *
The orc priest hits you but does no damage.
Casting: Magic Dart (safe; 2% risk of failure)
Confirm with . or Enter, or press ? or * to list all spells.
You don't have enough health to cast this spell.
Unknown command.
Unknown command.
The orc priest attacks as you move away!
The orc priest closely misses you.
The orc priest calls down the wrath of Beogh upon you.
Pain shoots through your body!
You die...

#..#.##..# #.♣♣.♣ #♣♣..♣♣♣
##..#.##..# ♣♣♣♣.♣♣♣
###...♣♣♣♣#
....#.##..##♣♣PP.PP♣♣
#....♣♣♣...
##.##.##...♣♣PP...PP♣
+..♣♣.♣####
#.##.##.#.♣♣P.....P♣♣#...♣♣..
#.##.##.#......⌠..........#.##
##.##.##.##♣♣P.....P♣♣#....#.#
......##.# ♣PP...PP♣♣#....#.#
##.#####.# ♣♣PP@PP♣♣......#.#
#.......# ♣♣♣.♣♣♣♣##......####
######### ♣o♣♣.# ####.......
#)#..# #.......
#....######.......
###...............
##o#######...... .ooo.o...#
#...... #######..# ##..##.


You could see an orc priest.

Vanquished Creatures
  An adder (D:3)
  A dart slug (D:3)
  5 orcs (D:3)
  4 endoplasms
  3 giant cockroaches
  4 goblins
  A hobgoblin (D:3)
  3 quokkas (D:3)
  A ball python (D:3)
  3 bats
  2 frilled lizards
  2 kobolds
  4 rats
34 creatures vanquished.

Notes
Turn   | Place    | Note
-------+----------+-------------------------------------------
     0 | D:1      | RascalDebosk the Djinni Conjurer began the quest for the
                  | Orb.
     0 | D:1      | RascalDebosk set off with the following spells memorised:
                  | Magic Dart, Searing Ray, Dazzling Flash, Fulminant Prism,
                  | Iskenderun's Mystic Blast.
     0 | D:1      | Reached XP level 1. HP: 15/15 MP: 0/0
   137 | D:1      | Reached XP level 2. HP: 15/21 MP: 0/0
   770 | D:2      | Found Emafad's Weapon Emporium.
   795 | D:2      | Reached XP level 3. HP: 22/25 MP: 0/0
   795 | D:2      | Learned a level 1 spell: Slow
  1149 | D:3      | Reached skill level 4 in Spellcasting
  1328 | D:3      | Found a bloodstained altar of Trog.
  1524 | D:3      | Reached XP level 4. HP: 24/31 MP: 0/0
  1533 | D:3      | Killed from afar by an orc priest

Illustrated notes

Levels and vault maps discovered:
D:1:      dpeg_arrival_tiny_g, layout_basic, amcnicky_mini_rare_corridor_liquid
D:2:      layout_basic, serial_shops, shop, minmay_misc_feat_square
D:3:      layout_basic, trog_butcher_becter, serial_forest,
          infiniplex_forest_fountain, infiniplex_forest_lined_room_,
          infiniplex_forest_end_double, infiniplex_forest_diagonal,
          infiniplex_forest_clump_cross, infiniplex_forest_lined_2,
          infiniplex_forest_lined_corner, uniq_robin

Skill      XL: |  1  2  3 |
---------------+----------+-----
Spellcasting   | 4 |  4.1
Fighting       | |  0.6
Short Blades   | |  0.2
Armour         | |  0.2
Dodging        | |  2.1
Stealth        | |  1.5
Evocations     | |  0.2

Action                     |  1- 3 |  4- 6 || total
---------------------------+-------+-------++-------
   Cast: Magic Dart        |    61 |     2 ||    63
         Searing Ray       |     2 |     1 ||     3
 Armour: Robe              |     1 |     2 ||     3
  Dodge: Dodged            |     3 |     3 ||     6
